 Dungeon Crawl Stone Soup version 0.20-a0-465-g6513c8f (webtiles) character file.

3221 Kurtz the Cleaver (level 9, 0/72 HPs)
             Began as a Ghoul Wanderer on Jan 12, 2017.
             Was a Believer of Hepliaklqana.
             Slain by a two-headed ogre
             ... wielding a +0 giant club
              (19 damage)
             ... on level 8 of the Dungeon.
             The game lasted 00:12:56 (7660 turns).

Kurtz the Cleaver (Ghoul Wanderer)                  Turns: 7660, Time: 00:12:56

Health: 0/72       AC: 13    Str: 17    XL:     9   Next: 97%
Magic:  10/10      EV:  7    Int:  4    God:    Hepliaklqana [**....]
Gold:   125        SH:  0    Dex: 11    Spells: 8/8 levels left

rFire  . . .     SeeInvis .     F - +0 battleaxe
rCold  + . .     Gourm    .     c - +0 chain mail
rNeg   + + +     Faith    .     (shield currently unavailable)
rPois  ∞         Spirit   .     (no helmet)
rElec  .         Reflect  .     x - +2 cloak
rCorr  .         Harm     .     v - +0 pair of gloves
MR     .....                    B - +0 pair of boots
Stlth  ..........               (no amulet)
                                (no ring)
                                (no ring)

@: rotting
A: rotting body, reduced essence, claws 1, carnivore 3, cold resistance 1, dopey
1, negative energy resistance 3, slow regeneration 1, torment resistance,
unbreathing
a: Recall Ancestor, Ancestor Identity, Renounce Religion


You were on level 8 of the Dungeon.
You worshipped Hepliaklqana.
Hepliaklqana was pleased with you.
You were not hungry.

You visited 2 branches of the dungeon, and saw 9 of its levels.

You collected 293 gold pieces.
You spent 168 gold pieces at shops.

Inventory:

Hand Weapons
 e - a +0 dagger
 n - a +2 hand axe
 F - a +0 battleaxe (weapon)
Missiles
 r - 4 poisoned tomahawks (quivered)
Armour
 c - a +0 chain mail (worn)
 v - a +0 pair of gloves (worn)
 x - a +2 cloak (worn)
 B - a +0 pair of boots (worn)
Wands
 d - a wand of random effects (0/48)
 s - a wand of polymorph (15/24)
 t - a wand of lightning (0/15)
 y - a wand of iceblast (0/15)
 D - a wand of random effects (15/48)
Scrolls
 a - a scroll of blinking
 h - 2 scrolls of remove curse
 k - a scroll of fog {unknown}
 o - 2 scrolls of amnesia {unknown}
 p - 5 scrolls of identify
 q - 2 scrolls of magic mapping {unknown}
 z - 2 scrolls of enchant armour {unknown}
 C - 2 scrolls of teleportation {unknown}
 E - a scroll of fear {unknown}
Potions
 b - 9 potions of heal wounds
 g - a potion of resistance {unknown}
 i - 2 potions of brilliance {unknown}
 j - a potion of lignification {unknown}
 m - a potion of berserk rage {unknown}
 u - a potion of beneficial mutation {unknown}
 w - 3 potions of flight {unknown}
 A - 3 potions of curing
Comestibles
 f - 5 meat rations
 l - a beef jerky
 G - a royal jelly
 H - 5 chunks of flesh


   Skills:
 + Level 8.1 Fighting
 * Level 10.5 Axes
   Level 1.0 Bows
 - Level 1.0 Dodging
 - Level 1.1 Stealth
   Level 1.0 Shields
 - Level 1.1 Unarmed Combat
 * Level 3.7 Invocations
 - Level 1.0 Evocations


You had 8 spell levels left.
You didn't know any spells.

Dungeon Overview and Level Annotations

Branches:
Dungeon (8/15)             Temple (1/1) D:5
   Lair: D:8-11

Altars:
Ashenzari
Cheibriados
Dithmenos
Elyvilon
Fedhas
Hepliaklqana
Kikubaaqudgha
Makhleb
Nemelex Xobeh
Okawaru
Qazlal
Ru
Sif Muna
Trog
Xom
Yredelemnul
Zin
The Shining One

Shops:
D:6 !*:

Annotations:
D:3 1 runed door
D:7 1 runed door


Innate Abilities, Weirdness & Mutations

Your body is rotting away.
You thrive on raw meat.
You are immune to poison.
You have sharp fingernails.
You are carnivorous and can eat meat at any time.
Your flesh is cold resistant. (rC+)
You are dopey. (Int -2)
You are immune to negative energy. (rN+++)
You regenerate slowly when monsters are visible.
You are immune to unholy pain and torment.
You can survive without breathing.
Your life essence is reduced. (-10% HP)


Message History

The two-headed ogre hits Loc-Nar with a giant club!!
The two-headed ogre barely misses Loc-Nar.
You swap places.
The two-headed ogre hits you with a giant club.
The two-headed ogre closely misses you.
You barely miss the two-headed ogre.
The two-headed ogre is lightly wounded.
The two-headed ogre hits you with a giant club!
The two-headed ogre hits you with a giant club.
Loc-Nar gestures at the two-headed ogre while chanting.
The puff of frost hits the two-headed ogre.
Unknown command.
You hit the two-headed ogre.
The two-headed ogre is moderately wounded.
The two-headed ogre hits you but does no damage.
The two-headed ogre hits you with a giant club!
* * * LOW HITPOINT WARNING * * *
Loc-Nar hits the two-headed ogre with a quarterstaff.
The two-headed ogre hits you with a giant club!!
You die...

#...........###
#.............#
#.............#
##.............#
..............#
#............#
#.....R......#
#....O@......#
######>....#.#######
##.....#)........#
.........##[.......#
...).....##........#
.........###.......+
.........###.......#
####.......).......+
#.....####......# ..


You could see the friendly Loc-Nar the battlemage and a two-headed ogre.

Vanquished Creatures
  A steam dragon (D:7)
  A hungry ghost (D:7)
  Duvessa (D:6)
  An orc warrior (D:7)
  An ice beast (D:5)
  A phantom (D:7)
  3 ogres
  A centaur (D:7)
  A crocodile (D:8)
  Blork the orc (D:5)
  4 bullfrogs
  Dowan (D:6)
  3 wights (D:6)
  A scorpion (D:5)
  2 howler monkeys
  2 crimson imps
  A bullfrog zombie (D:6)
  3 hounds
  A jelly (D:7)
  2 orc priests
  A centaur skeleton (D:4)
  A gnoll shaman (D:8)
  An iguana (D:4)
  4 orc wizards
  4 worker ants
  6 adders
  2 gnolls (D:8)
  A shadow imp (D:5)
  2 adder zombies
  A worm (D:2)
  2 dart slugs (D:1)
  3 leopard geckos
  17 orcs
  2 bats
  6 giant cockroaches
  4 hobgoblins
  7 jackals
  A quokka (D:4)
  4 frilled lizards
  9 goblins
  9 kobolds
  A leopard gecko skeleton (D:6)
  A quokka skeleton (D:7)
  5 rats
126 creatures vanquished.

Vanquished Creatures (collateral kills)
  An orc warrior (D:7)
  A phantom (D:8)
  2 ogres
  2 centaurs (D:7)
  A bullfrog (D:7)
  A scorpion (D:5)
  A wight (D:6)
  A centaur skeleton (D:7)
  An orc priest (D:6)
  2 orc wizards
  An iguana (D:6)
  A worker ant (D:6)
  2 gnolls (D:8)
  An adder skeleton (D:7)
  4 orcs
  A jackal (D:7)
  A quokka (D:7)
24 creatures vanquished.

Vanquished Creatures (others)
  A hound (D:7)
  A battlemage (D:8)
  An ancestor (D:6)
3 creatures vanquished.

Grand Total: 153 creatures vanquished

Notes
Turn   | Place    | Note
-------+----------+-------------------------------------------
     0 | D:1      | Kurtz the Ghoul Wanderer began the quest for the Orb.
     0 | D:1      | Kurtz set off with: a scroll of blinking, a potion of heal wounds, a +0 short sword, a wand of random effects (15/48), a +0 robe, a meat ration
     0 | D:1      | Reached XP level 1. HP: 22/22 MP: 0/0
   385 | D:1      | Reached XP level 2. HP: 24/28 MP: 1/1
   512 | D:1      | Reached skill level 5 in Fighting
  1109 | D:1      | Reached XP level 3. HP: 35/36 MP: 2/2
  1768 | D:2      | Reached skill level 1 in Axes
  1848 | D:2      | Reached XP level 4. HP: 36/44 MP: 3/3
  1928 | D:2      | Found a sacrificial altar of Ru.
  2019 | D:2      | Became a worshipper of Ru the Awakened
  2109 | D:3      | Found a shadowy altar of Dithmenos.
  2229 | D:3      | Found a runed door.
  2277 | D:3      | Found a glowing golden altar of the Shining One.
  2924 | D:4      | Reached skill level 2 in Axes
  2924 | D:4      | Reached XP level 5. HP: 29/47 MP: 4/4
  3237 | D:4      | Gained mutation: You are dopey. (Int -2) [Ru sacrifice]
  3292 | D:4      | Reached skill level 3 in Axes
  3628 | D:5      | Entered Level 5 of the Dungeon
  3628 | D:5      | Noticed an ogre
  3630 | D:5      | Noticed an ogre
  3645 | D:4      | Reached XP level 6. HP: 38/57 MP: 5/5
  3696 | D:5      | Noticed an ice beast
  3723 | D:5      | Reached skill level 4 in Axes
  3921 | D:4      | Reached XP level 7. HP: 60/64 MP: 6/6
  3986 | D:5      | Reached skill level 5 in Axes
  4178 | D:5      | Found a staircase to the Ecumenical Temple.
  4253 | Temple   | Entered the Ecumenical Temple
  4464 | Temple   | Fell from the grace of Ru
  4464 | Temple   | Became a worshipper of Hepliaklqana the Forgotten
  4540 | D:5      | Reached skill level 6 in Axes
  4734 | D:5      | Noticed Blork the orc
  4748 | D:5      | Killed Blork the orc
  4936 | D:6      | Reached XP level 8. HP: 17/63 MP: 4/7
  4995 | D:6      | Reached skill level 1 in Invocations
  5082 | D:6      | Found Icsog's Distillery.
  5112 | D:6      | Bought 2 potions of heal wounds for 120 gold pieces
  5112 | D:6      | Bought a potion of curing for 36 gold pieces
  5112 | D:6      | Bought a potion of degeneration for 12 gold pieces
  5215 | D:6      | Reached skill level 7 in Axes
  5295 | D:6      | Found an iron altar of Okawaru.
  5297 | D:6      | Found Asoheam's Book Emporium.
  5427 | D:6      | Noticed Dowan
  5434 | D:6      | Killed Dowan
  5453 | D:6      | Noticed Duvessa
  5482 | D:6      | Killed Duvessa
  5482 | D:6      | Reached skill level 8 in Axes
  5617 | D:6      | Got a warped robe
  5628 | D:6      | Identified the +1 robe of Qovehaq {+Inv rElec Int-2} (You found it on level 6 of the Dungeon)
  5684 | D:6      | Reached * piety under Hepliaklqana
  5927 | D:6      | Found Edoabloxt's General Store.
  5987 | D:7      | Found a shimmering altar of Xom.
  6005 | D:7      | Reached XP level 9. HP: 62/69 MP: 9/9
  6322 | D:7      | Reached skill level 9 in Axes
  6333 | D:7      | Noticed a sixfirhy
  6334 | D:7      | Found a runed door.
  6590 | D:7      | Found Roam's Weapon Boutique.
  7078 | D:7      | Found a snail-covered altar of Cheibriados.
  7410 | D:7      | Reached skill level 10 in Axes
  7553 | D:8      | Reached ** piety under Hepliaklqana
  7554 | D:8      | Remembered your ancestor Loc-Nar as a battlemage
  7653 | D:8      | Noticed a two-headed ogre
  7660 | D:8      | Slain by a two-headed ogre

Vault maps used:
D:1:      saegor_arrival_miasma, roderic_serpentine_path
D:2:      first_bread, nicolae_ru_the_path_less_chosen
D:3:      nicolae_overflow_hidden_temple, lemuel_doored_altar, uniq_natasha,
          uniq_terence, uniq_crazy_yiuf_cottage
D:5:      uniq_blork_the_orc
D:6:      lemuel_crystal_altar, serial_shops, kennysheep_mini, shop,
          nicolae_shop_waterfront, uniq_duvessa
D:7:      cheibrodos_shockbox, xom_confusion_cloud, old_standard_altar,
          serial_shops, shop
D:8:      the_bakery
Temple:   nicolae_temple_figure_eight

Skill      XL: |  1  2  3  4  5  6  7  8  9 |
---------------+----------------------------+-----
Fighting       | 5 6 7 8 |  8.1
Axes           | 1 2 3 4 6 8 10 | 10.5
Invocations    | 2 3 |  3.7
Bows           | |  1.0
Dodging        | |  1.0
Stealth        | |  1.1
Shields        | |  1.0
Unarmed Combat | |  1.1
Evocations     | |  1.0

Action                   |  1- 3 |  4- 6 |  7- 9 || total
-------------------------+-------+-------+-------++-------
Melee: Short sword       |    52 |       |       ||    52
       Punch             |     2 |     1 |       ||     3
       Hand axe          |    74 |   164 |   179 ||   417
       Battleaxe         |       |       |   143 ||   143
Invok: Sacrifice Purity  |       |     1 |       ||     1
       Recall Ancestor   |       |       |     1 ||     1
       Ancestor Identity |       |       |     1 ||     1
       Ancestor Life: Ba |       |       |     1 ||     1
Evoke: Wand              |       |     4 |    17 ||    21
  Use: Scroll            |       |       |     2 ||     2
 Stab: Sleeping          |     3 |       |       ||     3
       Paralysed         |       |       |     5 ||     5
  Eat: Chunk             |     5 |    17 |    18 ||    40
Armor: Robe              |    31 |       |       ||    31
       Ring mail         |       |    60 |    25 ||    85
       Chain mail        |       |       |   164 ||   164
Dodge: Dodged            |    66 |    83 |   116 ||   265
